 Dungeon Crawl Stone Soup version 0.21.1-1-g345015f (webtiles) character file.

16 inc the Magician (level 2, 0/11 HPs)
             Began as a Felid Wizard on Feb 22, 2018.
             Succumbed to an adder's poison
             ... on level 2 of the Dungeon.
             The game lasted 00:00:49 (645 turns).

inc the Magician (Felid Wizard)                      Turns: 645, Time: 00:00:49

Health: 0/11       AC:  1    Str:  2 (3)  XL:     2   Next: 41%
Magic:  2/7        EV: 17    Int: 18 (19) God:
Gold:   0          SH:  0    Dex: 13 (14) Spells: 6/7 levels left
                                        Lives:  0   Deaths: 0

rFire    . . .     SeeInvis +   (weapon unavailable)
rCold    . . .     Gourm    .   (shield unavailable)
rNeg     . . .     Faith    .   (armour unavailable)
rPois    .         Spirit   .   (helmet unavailable)
rElec    .         Reflect  .   (cloak unavailable)
rCorr    .         Harm     .   (gloves unavailable)
MR       .....                  (boots unavailable)
Stlth    ++........             (no amulet)
HPRegen  0.03/turn              (no ring)
MPRegen  0.10/turn              (no ring)

@: lethally poisoned (0 -> -7), quick
A: very small, no armour, no weapons or thrown items, stealth, claws 1, fangs 3,
see invisible, carnivore, speed 1, shaggy fur 1, slow metabolism 1, sharp paws
a: no special abilities


You were on level 2 of the Dungeon.
You were not hungry.

You visited 1 branch of the dungeon, and saw 2 of its levels.

Inventory:

Scrolls
 c - a scroll of random uselessness {unknown}
 d - a scroll of identify {unknown}
Potions
 f - a potion of mutation {unknown}
Books
 a - a book of Minor Magic

   Spells                             Type                      Level
   a - Magic Dart                     Conjuration                  1
   b - Blink                          Translocation                2
   c - Call Imp                       Summoning                    2
   d - Slow                           Hexes                        2
   e - Conjure Flame                  Conjuration/Fire             3
   f - Mephitic Cloud                 Conjuration/Poison/Air       3
Comestibles
 b - a ration


   Skills:
 - Level 2.6 Dodging
 - Level 2.6 Stealth
 - Level 3.0 Spellcasting
 + Level 2.2 Conjurations
   Level 1.0 Summonings
   Level 1.5 Translocations


You had 6 spell levels left.
You knew the following spells:

 Your Spells              Type           Power        Failure   Level  Hunger
a - Magic Dart            Conj           ##..         6%          1    None


Dungeon Overview and Level Annotations

Branches:
Dungeon (2/15)

Altars:


Innate Abilities, Weirdness & Mutations

You cannot wear armour.
You are incapable of wielding weapons or throwing items.
Your paws allow you to move quietly. (Stealth)
You have sharp claws.
You have razor-sharp teeth.
You have supernaturally acute eyesight. (SInv)
You are carnivorous and can eat meat at any time.
You cover ground quickly.
You are covered in fur. (AC +1)
You have a slow metabolism.
Your sharp claws are effective at attacking unaware monsters.


Message History

The adder is almost dead.
You feel sick. The adder bites you but does no damage.
You scratch the adder.
You kill the adder!
Your Conjurations skill increases to level 2!
You have reached level 2!
You feel sick.
There is a lethal amount of poison in your body!
There is a lethal amount of poison in your body!
There is a lethal amount of poison in your body!
* * * LOW HITPOINT WARNING * * *
You feel sick.
* * * LOW HITPOINT WARNING * * *
You feel sick.
* * * LOW HITPOINT WARNING * * *
You feel sick.
It was a potion of degeneration.
There was something very wrong with that liquid.
You feel weakened.
You feel dopey.
You feel clumsy.
You die...

.. ##..... #.##....# #.#
#.#....# #.# #......# #.#
###.....####### #.#
..............# #.# ###
........#####.# #.# #.#
###.##....###.####.####.#
#.##..........@.......#
#.##..#.###.####.####.#
#.##..#..........# #.#
#.##..##########.# #.#
#.##..# #.# #.# #.##..#
#.# #.# #...... #.# #.#
#..# #.# #.# ..# #.#


There were no monsters in sight!

Vanquished Creatures
  An adder (D:2)
  A giant cockroach (D:1)
  2 goblins
  A jackal (D:1)
  2 kobolds (D:1)
7 creatures vanquished.

Notes
Turn   | Place    | Note
-------+----------+-------------------------------------------
     0 | D:1      | inc the Felid Wizard began the quest for the Orb.
     0 | D:1      | Reached XP level 1. HP: 7/7 MP: 5/5
    58 | D:1      | Reached skill level 1 in Conjurations
   633 | D:2      | Reached XP level 2. HP: 5/11 MP: 1/7
   645 | D:2      | Succumbed to an adder's poison

Skill      XL: |  1 |
---------------+----+-----
Conjurations   | 2 |  2.2
Dodging        | |  2.6
Stealth        | |  2.6
Spellcasting   | |  3.0
Summonings     | |  1.0
Translocations | |  1.5

Action                   || total
-------------------------++-------
Melee: Unarmed           ||    16
 Cast: Magic Dart        ||    17
  Use: Potion            ||     1
Armor: Skin              ||     2
Dodge: Dodged            ||    23
